ESL (28 & UNDER)
RIO GRANDE RATTLESNAKE @ PENQUANNOCK OVERRATED JETER
07/26/2030
 
TOP OF THE 1ST
Rio Grande Rattlesnake batting - Pitching for Penquannock Overrated Jeter : LHP Brian Hodges
Pitching: LHP Brian Hodges
Batting: LHB José Garza 0-0: Foul Ball, location: 2F
0-1: Ball
1-1: Ball
2-1: Fly out, F8 (Flyball, 8LD)
Batting: RHB Jeff Bane 0-0: Ball
1-0: Called Strike
1-1: Called Strike
1-2: Ball
2-2: Fly out, F4 (Popup, 4S)
Batting: LHB Sean Nicks 0-0: Ball
1-0: Called Strike
1-1: Ball
2-1: Foul Ball, location: 2F
2-2: Ground out 4-3 (Groundball, 4)
Top of the 1st over - 0 runs, 0 hits, 0 errors, 0 left on base; Rio Grande 0 - Penquannock 0
BOTTOM OF THE 1ST
Penquannock Overrated Jeter batting - Pitching for Rio Grande Rattlesnake : RHP Tomás Muñóz
Pitching: RHP Tomás Muñóz
Batting: SHB Martin Goodwin 0-0: SINGLE (Popup, 6D)
Batting: LHB Francisco Medina 0-0: Ball
1-0: Ball
2-0: SINGLE (Groundball, 4MD)
Martin Goodwin to second
Batting: RHB Gary Wyatt 0-0: Ball
1-0: Fly out, F3 (Line Drive, 3)
Lined into DP, 3-6 (Line Drive, 3)
Batting: LHB Félix Costa 0-0: Ball
1-0: Called Strike
1-1: Ball
2-1: Foul Ball, location: 2F
2-2: Strikes out swinging
Bottom of the 1st over - 0 runs, 2 hits, 0 errors, 1 left on base; Rio Grande 0 - Penquannock 0
TOP OF THE 2ND
Rio Grande Rattlesnake batting - Pitching for Penquannock Overrated Jeter : LHP Brian Hodges
Batting: LHB Claudio Rodríguez 0-0: Foul Ball, location: 2F
0-1: SINGLE (Groundball, 34D)
Batting: RHB Gary Thomas 0-0: Called Strike
0-1: Ball
1-1: Grounds into double play, 6-4-3 (Groundball, 6)
Batting: LHB Shawn Brown 0-0: DOUBLE (Line Drive, 9D)
Batting: RHB David Suarze 0-0: Called Strike
0-1: Ground out 6-3 (Groundball, 56)
Top of the 2nd over - 0 runs, 2 hits, 0 errors, 1 left on base; Rio Grande 0 - Penquannock 0
BOTTOM OF THE 2ND
Penquannock Overrated Jeter batting - Pitching for Rio Grande Rattlesnake : RHP Tomás Muñóz
Batting: SHB Cristián López 0-0: Ball
1-0: Swinging Strike
1-1: Swinging Strike
1-2: Foul Ball, location: 2F
1-2: Strikes out swinging
Batting: RHB Manny Perea 0-0: Swinging Strike
0-1: Foul Ball, location: 2F
0-2: Ball
1-2: Ball
2-2: Ground out 5-3 (Groundball, 56S)
Batting: LHB José Morales 0-0: Ball
1-0: Swinging Strike
1-1: Ground out 6-3 (Groundball, 6)
Bottom of the 2nd over - 0 runs, 0 hits, 0 errors, 0 left on base; Rio Grande 0 - Penquannock 0
TOP OF THE 3RD
Rio Grande Rattlesnake batting - Pitching for Penquannock Overrated Jeter : LHP Brian Hodges
Batting: LHB Pedro Díaz 0-0: Called Strike
0-1: Fly out, F3 (Popup, 3F)
Batting: RHB Derek Hartman 0-0: Ball
1-0: Ball
2-0: Called Strike
2-1: Foul Ball, location: 2F
2-2: Ball
3-2: Foul Ball, location: 2F
3-2: Foul Ball, location: 2F
3-2: Base on Balls
Batting: LHB José Garza 0-0: Ball
1-0: Ball
2-0: 2-RUN HOME RUN (Flyball, 9LD), Distance : 348 ft
Batting: RHB Jeff Bane 0-0: Ball
1-0: Ball
2-0: Called Strike
2-1: Swinging Strike
2-2: Foul Ball, location: 2F
2-2: Strikes out swinging
Batting: LHB Sean Nicks 0-0: Ground out 4-3 (Groundball, 34D)
Top of the 3rd over - 2 runs, 1 hit, 0 errors, 0 left on base; Rio Grande 2 - Penquannock 0
BOTTOM OF THE 3RD
Penquannock Overrated Jeter batting - Pitching for Rio Grande Rattlesnake : RHP Tomás Muñóz
Batting: RHB Phil Wright 0-0: Called Strike
0-1: Called Strike
0-2: Strikes out looking
Batting: RHB Paul Liddle 0-0: Ball
1-0: Ground out 5-3 (Groundball, 5)
Batting: SHB Martin Goodwin 0-0: Called Strike
0-1: Foul Ball, location: 2F
0-2: Ball
1-2: Ball
2-2: Strikes out swinging
Bottom of the 3rd over - 0 runs, 0 hits, 0 errors, 0 left on base; Rio Grande 2 - Penquannock 0
TOP OF THE 4TH
Rio Grande Rattlesnake batting - Pitching for Penquannock Overrated Jeter : LHP Brian Hodges
Batting: LHB Claudio Rodríguez 0-0: Foul Ball, location: 2F
0-1: Ball
1-1: Ball
2-1: Foul Ball, location: 2F
2-2: Ball
3-2: Ground out U3 (Groundball, 3)
Batting: RHB Gary Thomas 0-0: Ground out 4-3 (Groundball, 4)
Batting: LHB Shawn Brown 0-0: DOUBLE (Flyball, 89D)
Batting: RHB David Suarze 0-0: Ball
1-0: Ball
2-0: Ball
3-0: Called Strike
3-1: Base on Balls
Batting: LHB Pedro Díaz 0-0: Foul Ball, location: 2F
0-1: Foul Ball, location: 2F
0-2: Ball
1-2: Strikes out looking
Top of the 4th over - 0 runs, 1 hit, 0 errors, 2 left on base; Rio Grande 2 - Penquannock 0
BOTTOM OF THE 4TH
Penquannock Overrated Jeter batting - Pitching for Rio Grande Rattlesnake : RHP Tomás Muñóz
Batting: LHB Francisco Medina 0-0: Ball
1-0: Ground out U3 (Groundball, 3)
Batting: RHB Gary Wyatt 0-0: Ball
1-0: Swinging Strike
1-1: Foul Ball, location: 2F
1-2: Strikes out swinging
Batting: LHB Félix Costa 0-0: Called Strike
0-1: Called Strike
0-2: Ball
1-2: Strikes out swinging
Bottom of the 4th over - 0 runs, 0 hits, 0 errors, 0 left on base; Rio Grande 2 - Penquannock 0
TOP OF THE 5TH
Rio Grande Rattlesnake batting - Pitching for Penquannock Overrated Jeter : LHP Brian Hodges
Batting: RHB Derek Hartman 0-0: Ball
1-0: Ball
2-0: Fly out, F7 (Flyball, 78M)
Batting: LHB José Garza 0-0: Ball
1-0: SOLO HOME RUN (Flyball, 9LD), Distance : 357 ft
Batting: RHB Jeff Bane 0-0: Ball
1-0: Foul Ball, location: 2F
1-1: Ball
2-1: Ball
3-1: DOUBLE (Groundball, 5L)
Batting: LHB Sean Nicks 0-0: Called Strike
0-1: Called Strike
0-2: Ball
1-2: Ball
2-2: SINGLE (Flyball, 89M)
Jeff Bane to third
Pitching: RHP Leonard Christensen
Batting: LHB Claudio Rodríguez 0-0: Foul Ball, location: 2F
0-1: Foul Ball, location: 2F
0-2: Ball
1-2: Grounds into double play, 4-6-3 (Groundball, 4M)
Top of the 5th over - 1 run, 3 hits, 0 errors, 1 left on base; Rio Grande 3 - Penquannock 0
BOTTOM OF THE 5TH
Penquannock Overrated Jeter batting - Pitching for Rio Grande Rattlesnake : RHP Tomás Muñóz
Batting: SHB Cristián López 0-0: Ball
1-0: Swinging Strike
1-1: Ball
2-1: Ball
3-1: Ground out 4-3 (Groundball, 4D)
Batting: RHB Manny Perea 0-0: Swinging Strike
0-1: Called Strike
0-2: Strikes out swinging
Batting: LHB José Morales 0-0: Ball
1-0: Ball
2-0: Swinging Strike
2-1: Ground out 6-3 (Groundball, 6M)
Bottom of the 5th over - 0 runs, 0 hits, 0 errors, 0 left on base; Rio Grande 3 - Penquannock 0
TOP OF THE 6TH
Rio Grande Rattlesnake batting - Pitching for Penquannock Overrated Jeter : RHP Leonard Christensen
Batting: RHB Gary Thomas 0-0: Ball
1-0: Foul Ball, location: 2F
1-1: Ball
2-1: Ball
3-1: Ground out U3 (Groundball, 3S)
Batting: LHB Shawn Brown 0-0: Ball
1-0: Swinging Strike
1-1: Foul Ball, location: 2F
1-2: Reached on error, E3 (Groundball, 3)
Batting: RHB David Suarze 0-0: Ball
Shawn Brown is caught stealing 2nd base
1-0: Ground out U3 (Groundball, 3)
Top of the 6th over - 0 runs, 0 hits, 1 error, 0 left on base; Rio Grande 3 - Penquannock 0
BOTTOM OF THE 6TH
Penquannock Overrated Jeter batting - Pitching for Rio Grande Rattlesnake : RHP Tomás Muñóz
Batting: RHB Phil Wright 0-0: Called Strike
0-1: Swinging Strike
0-2: Strikes out swinging
Batting: RHB Paul Liddle 0-0: Ball
1-0: Called Strike
1-1: Ball
2-1: Ground out 5-3 (Groundball, 56S)
Batting: SHB Martin Goodwin 0-0: Called Strike
0-1: Foul Ball, location: 2F
0-2: Ball
1-2: Ball
2-2: Fly out, F9 (Flyball, 9S)
Bottom of the 6th over - 0 runs, 0 hits, 0 errors, 0 left on base; Rio Grande 3 - Penquannock 0
TOP OF THE 7TH
Rio Grande Rattlesnake batting - Pitching for Penquannock Overrated Jeter : RHP Leonard Christensen
Batting: LHB Pedro Díaz 0-0: Ball
1-0: SINGLE (Line Drive, 9S)
Batting: RHB Derek Hartman 0-0: Fly out, F7 (Line Drive, 7S)
Batting: LHB José Garza 0-0: Called Strike
0-1: Foul Ball, location: 2F
0-2: Foul Ball, location: 2F
0-2: Ball
1-2: Ball
2-2: Strikes out swinging
Batting: RHB Jeff Bane 0-0: Called Strike
0-1: Fly out, F5 (Line Drive, 56)
Top of the 7th over - 0 runs, 1 hit, 0 errors, 1 left on base; Rio Grande 3 - Penquannock 0
BOTTOM OF THE 7TH
Penquannock Overrated Jeter batting - Pitching for Rio Grande Rattlesnake : RHP Tomás Muñóz
Batting: LHB Francisco Medina 0-0: Ball
1-0: Foul Ball, location: 2F
1-1: Ball
2-1: Swinging Strike
2-2: Ball
3-2: Strikes out looking
Batting: RHB Gary Wyatt 0-0: Foul Ball, location: 2F
0-1: Called Strike
0-2: SINGLE (Flyball, 9LS)
Batting: LHB Félix Costa 0-0: Ball
1-0: Called Strike
1-1: Called Strike
1-2: Strikes out swinging
Batting: SHB Cristián López 0-0: Foul Ball, location: 2F
0-1: Ball
1-1: Foul Ball, location: 2F
1-2: Foul Ball, location: 2F
1-2: Ball
2-2: Strikes out swinging
Bottom of the 7th over - 0 runs, 1 hit, 0 errors, 1 left on base; Rio Grande 3 - Penquannock 0
TOP OF THE 8TH
Rio Grande Rattlesnake batting - Pitching for Penquannock Overrated Jeter : RHP Leonard Christensen
Batting: LHB Sean Nicks 0-0: Ball
1-0: Called Strike
1-1: Ball
2-1: DOUBLE (Line Drive, 9LM)
Batting: LHB Claudio Rodríguez 0-0: Intentional Walk
Batting: RHB Gary Thomas 0-0: Ball
1-0: Grounds into double play, 5-4-3 (Groundball, 5)
Sean Nicks to third
Batting: LHB Shawn Brown 0-0: Ball
1-0: Ball
2-0: Ball
3-0: Called Strike
3-1: Base on Balls
Batting: RHB David Suarze 0-0: Ball
1-0: Ball
2-0: Fly out, F7 (Flyball, 78S)
Top of the 8th over - 0 runs, 1 hit, 0 errors, 2 left on base; Rio Grande 3 - Penquannock 0
BOTTOM OF THE 8TH
Penquannock Overrated Jeter batting - Pitching for Rio Grande Rattlesnake : RHP Tomás Muñóz
Batting: RHB Manny Perea 0-0: Ball
1-0: Called Strike
1-1: Ball
2-1: Swinging Strike
2-2: Ball
3-2: Strikes out swinging wild pitch, reaches first!
Batting: LHB José Morales 0-0: Called Strike
0-1: Ball
1-1: Ball
2-1: Ball
3-1: Base on Balls
Manny Perea to second
Batting: RHB Phil Wright 0-0: Ball
1-0: Swinging Strike
1-1: SINGLE (Flyball, 8LS)
Manny Perea to third
José Morales to second
Batting: RHB Paul Liddle 0-0: Called Strike
0-1: Ball
1-1: Ball
2-1: Foul Ball, location: 2F
2-2: Strikes out looking
Batting: SHB Martin Goodwin 0-0: Ball
1-0: Ball
2-0: Foul Ball, location: 2F
2-1: Swinging Strike
2-2: Foul Ball, location: 2F
2-2: Ball
3-2: Strikes out looking
Pitching: RHP Adrián Mora
Batting: LHB Francisco Medina 0-0: SINGLE (Flyball, 7LS)
Manny Perea scores
José Morales to third
Phil Wright to second
Batting: RHB Gary Wyatt 0-0: Foul Ball, location: 2F
0-1: Foul Ball, location: 2F
0-2: Foul Ball, location: 2F
0-2: Ball
1-2: Ground out 4-3 (Groundball, 4M)
Bottom of the 8th over - 1 run, 2 hits, 0 errors, 3 left on base; Rio Grande 3 - Penquannock 1
TOP OF THE 9TH
Rio Grande Rattlesnake batting - Pitching for Penquannock Overrated Jeter : RHP Leonard Christensen
Batting: LHB Pedro Díaz 0-0: Ball
1-0: Swinging Strike
1-1: Foul Ball, location: 2F
1-2: Foul Ball, location: 2F
1-2: Ball
2-2: Ball
3-2: Strikes out swinging
Batting: RHB Derek Hartman 0-0: Ball
1-0: Fly out, F7 (Flyball, 78S)
Batting: LHB José Garza 0-0: Called Strike
0-1: Called Strike
0-2: Ball
1-2: Reached on error, E6 (Groundball, 6)
Batting: RHB Jeff Bane 0-0: Ground out 4-3 (Groundball, 4)
Top of the 9th over - 0 runs, 0 hits, 1 error, 1 left on base; Rio Grande 3 - Penquannock 1
BOTTOM OF THE 9TH
Penquannock Overrated Jeter batting - Pitching for Rio Grande Rattlesnake : RHP José Estrada
Pitching: RHP José Estrada
Batting: LHB Félix Costa 0-0: Ball
1-0: Ball
2-0: Ball
3-0: Base on Balls
Pitching: LHP Manuel Encarnación
Batting: SHB Cristián López 0-0: Ball
1-0: Foul Ball, location: 2F
1-1: Called Strike
1-2: Foul Ball, location: 2F
1-2: Ball
2-2: Fly out, F5 (Line Drive, 5)
Batting: RHB Manny Perea 0-0: Swinging Strike
0-1: Called Strike
0-2: Strikes out swinging
Batting: LHB José Morales 0-0: Ball
1-0: Ball
2-0: Called Strike
2-1: Foul Ball, location: 2F
2-2: Strikes out swinging, 2-3 out at first.
Bottom of the 9th over - 0 runs, 0 hits, 0 errors, 1 left on base; Rio Grande 3 - Penquannock 1
Saturday, April 7th, 2018 - OOTP Baseball 18.8 Build 76